 Dungeon Crawl Stone Soup version 0.30-a0-596-g0af90f9a20 (webtiles) character file.

Game seed: 5086510152289548415

6676 wormed the Firebug (level 11, -1/81 HPs)
             Began as a Gnoll Wanderer on Jan 7, 2023.
             Was an Elder of Makhleb.
             Killed from afar by an acid dragon (38 damage)
             ... with a splash of acid
             ... on level 10 of the Dungeon.
             The game lasted 00:18:54 (13725 turns).

wormed the Firebug (Gnoll Wanderer)                Turns: 13725, Time: 00:18:54

Health: -1/81      AC:  2    Str: 17    XL:     11   Next: 3%
Magic:  15/21      EV: 14    Int: 22    God:    Makhleb [****..]
Gold:   443        SH:  0    Dex: 12    Spells: 21/23 levels left

rFire   . . .      SeeInvis .    H - +5 long sword
rCold   . . .      Faith    .    (no shield)
rNeg    . . .      Spirit   .    d - +0 robe
rPois   .          Reflect  .    (no helmet)
rElec   .          Harm     .    u - +0 cloak
rCorr   .          Rampage  .    m - +0 pair of gloves
Will    .....                    v - +0 pair of boots
Stlth   +++                      (no amulet)
HPRegen 0.33/turn                A - +6 ring of intelligence
MPRegen 0.17/turn                g - +6 ring of strength

@: corroded
A: fangs 1, strong nose, distributed training
a: Renounce Religion, Minor Destruction, Lesser Servant of Makhleb, Major
Destruction


You were on level 10 of the Dungeon.
You worshipped Makhleb.
Makhleb was greatly pleased with you.
You visited 2 branches of the dungeon, and saw 11 of its levels.
You also visited: Sewer.

You collected 605 gold pieces.
You spent 162 gold pieces at shops.

Inventory:

Hand Weapons
 H - a +5 long sword (weapon)
Missiles
 p - 16 poisoned darts (quivered)
Armour
 d - a +0 robe (worn)
 m - a +0 pair of gloves (worn)
 u - a +0 cloak (worn)
 v - a +0 pair of boots (worn)
 w - an orb of light
Jewellery
 c - a ring of poison resistance
 g - a +6 ring of strength (right hand)
 y - a +6 ring of dexterity
 A - a +6 ring of intelligence (left hand)
 E - a ring of wizardry
Wands
 a - a wand of digging (3)
 B - a wand of flame (5)
 G - a wand of roots (3)
Scrolls
 e - a scroll of noise
 j - 2 scrolls of identify
 l - 2 scrolls of silence
 n - a scroll of poison
 r - 4 scrolls of teleportation
 s - a scroll of magic mapping
 t - 2 scrolls of enchant weapon
Potions
 b - a potion of might {unknown}
 f - 7 potions of flight
 h - a potion of invisibility {unknown}
 i - 2 potions of curing
 k - 3 potions of lignification
 o - 3 potions of brilliance
 q - 2 potions of heal wounds
 x - 2 potions of mutation
 z - a potion of haste
 C - 2 potions of berserk rage
 D - a potion of resistance {unknown}
 F - 2 potions of attraction {unknown}


   Skills:
 + Level 6.1 Fighting
 + Level 6.1 Short Blades
 + Level 6.1 Long Blades
 + Level 6.1 Axes
 + Level 6.1 Maces & Flails
 + Level 6.1 Polearms
 + Level 6.1 Staves
 + Level 6.1 Ranged Weapons
 + Level 6.6 Throwing
 + Level 6.6 Armour
 + Level 6.1 Dodging
 + Level 6.1 Stealth
 + Level 6.1 Shields
 + Level 6.1 Unarmed Combat
 + Level 6.7 Spellcasting
 + Level 5.0 Conjurations
 + Level 5.0 Hexes
 + Level 5.0 Summonings
 + Level 5.0 Necromancy
 + Level 5.0 Translocations
 + Level 7.5 Transmutations
 + Level 7.5 Fire Magic
 + Level 5.0 Ice Magic
 + Level 5.0 Air Magic
 + Level 5.0 Earth Magic
 + Level 5.0 Poison Magic
 + Level 6.6 Invocations
 + Level 6.6 Evocations


You had 21 spell levels left.
You knew the following spells:

 Your Spells              Type           Power      Damage    Failure   Level
a - Scorch                Fire           80%        2d9       1%          2

Your spell library contained the following spells:

 Spells                   Type           Power      Damage    Failure   Level
 Apportation              Tloc           58%        N/A       1%          1
 Beastly Appendage        Tmut           80%        N/A       1%          1
 Foxfire                  Conj/Fire      100%       2x1d9     1%          1
 Ensorcelled Hibernation  Hex/Ice        58%        N/A       1%          2
 Ignite Poison            Fire/Tmut/Pois 37%        N/A       1%          3
 Spider Form              Tmut/Pois      35%        N/A       1%          3
 Gell's Gravitas          Tloc           29%        N/A       3%          3
 Lesser Beckoning         Tloc           58%        N/A       3%          3
 Stone Arrow              Conj/Erth      58%        3d10      3%          3
 Teleport Other           Tloc           29%        N/A       3%          3
 Flame Wave               Conj/Fire      35%        2d10      6%          4
 Petrify                  Tmut/Erth      35%        N/A       6%          4
 Anguish                  Hex/Necr       14%        N/A       11%         4
 Animate Armour           Summ/Erth      58%        N/A       11%         4
 Cause Fear               Hex            14%        N/A       11%         4
 Metabolic Englaciation   Hex/Ice        14%        N/A       28%         5
 Statue Form              Tmut/Erth      23%        N/A       69%         6
 Dispersal                Tloc           14%        N/A       85%         6
 Dragon Form              Tmut           20%        N/A       97%         7
 Ignition                 Fire           20%        3d7       100%        8
 Lehudib's Crystal Spear  Conj/Erth      14%        10d5      100%        8
 Dragon's Call            Summ           14%        N/A       100%        9


Dungeon Overview and Level Annotations

Branches:
Dungeon (10/15)            Temple (1/1) D:7           Sewer (visited)
   Lair: D:8-11         Orc: D:9-12

Altars:
Ashenzari
Cheibriados
Dithmenos
Elyvilon
Fedhas
Gozag
Hepliaklqana
Kikubaaqudgha
Makhleb
Nemelex Xobeh
Okawaru
Qazlal
Ru
Sif Muna
Trog
Uskayaw
Vehumet
Xom
Yredelemnul
The Shining One

Shops:
D:2 *   D:3 *   D:4 !

Annotations:
D:5 2 runed translucent doors, drugrobin's ghost, weakling DgDe


Innate Abilities, Weirdness & Mutations

You have very sharp teeth.
Your uncanny sense of smell can sniff out nearby items.
Your experience applies equally to all skills.


Message History

An acid dragon is nearby!
An acid dragon is nearby!
Casting: Scorch (safe; 1% risk of failure)
Confirm with . or Enter, or press ? or * to list all spells.
You can't see any susceptible monsters within range! (Use Z to cast anyway.)
An orc comes into view. It is wielding a +0 morningstar.
The orc warrior shouts!
The orc shouts!
You hear a bellow! x2
An orc wizard comes into view. It is wielding a +0 dagger.
Found 2 potions of heal wounds.
The orc wizard moves out of view.
Casting: Scorch (safe; 1% risk of failure)
Confirm with . or Enter, or press ? or * to list all spells.
Flames lash the acid dragon.
The acid dragon is lightly wounded.
The acid dragon's fire resistance burns away.
You hear a shout!
You hear a bellow!
Casting: Scorch (safe; 1% risk of failure)
Confirm with . or Enter, or press ? or * to list all spells.
Flames lash the orc warrior.
The orc warrior is lightly wounded.
The orc warrior's fire resistance burns away.
The acid dragon barely misses you. The acid dragon closely misses you.
An orc comes into view. It is wielding a +0 spear.
Casting: Scorch (safe; 1% risk of failure)
Confirm with . or Enter, or press ? or * to list all spells.
Flames lash the orc warrior.
The orc warrior is burned terribly!
The orc warrior is moderately wounded.
The orc shouts!
An orc comes into view.
It is wielding a +0 short sword and quivering boomerangs of dispersal.
The acid dragon spits acid at you. The splash of acid hits you!!
The acid corrodes you!
You hear a bellow!
A demon appears!
It doesn't seem very happy.
You can no longer summon a greater servant of Makhleb.
The acid dragon is no longer more vulnerable to fire.
A yak comes into view.
The orc misses you. The acid dragon spits acid at you.
The splash of acid hits you!!!
You die...

#.# ## P #.##.Y# ... P.
#.<##o###..
..###.........#
.#...........o##
.......<.......####
#####.#.......o..$
####..>.....o.D#
#....######.o@.##
####.##.####.......#
...#.##.##........2##
##...##.##.##..........
⌠######.#..##......#...
.#.................##...
.######...###......# #..
.# #..## ####.### !. ##
.<.## ..


You could see a cacodemon (summoned), a yak, an orc warrior (combustible), an
acid dragon (catching breath), an orc wizard and 3 orcs.

Vanquished Creatures
  A centaur warrior (D:9)
  A two-headed ogre (D:8)
  Pikel (D:6)
  Edmund (D:6)
  A water moccasin (D:8)
  2 orc warriors
  3 ice beasts
  5 ogres
  4 centaurs
  A phantom (D:6)
  4 bullfrogs
  A gnoll sergeant (D:6)
  3 scorpions
  A necrophage (D:6)
  25 wights
  13 killer bees (D:9)
  A crimson imp (D:4)
  2 hounds (D:5)
  A jelly (D:5)
  2 gnoll boudas
  3 orc priests
  Jessica (D:2)
  4 iguanas
  7 orc wizards
  A merfolk avatar (Sewer)
  A merfolk siren (Sewer)
  3 river rats
  12 adders
  18 gnolls
  2 white imps
  An ufetubus (D:5)
  4 worms
  30 orcs
  11 ball pythons
  4 bats
  6 endoplasms
  5 giant cockroaches
  3 goblins
  3 hobgoblins
  3 jackals (D:2)
  7 kobolds
  A quokka (Sewer)
  5 frilled lizards
  30 rats
238 creatures vanquished.

Vanquished Creatures (collateral kills)
  A wight (D:7)
1 creature vanquished.

Vanquished Creatures (others)
  360 foxfires
  6 plants (D:10)
  4 withered plants (D:5)
370 creatures vanquished.

Grand Total: 609 creatures vanquished

Notes
Turn   | Place    | Note
-------+----------+-------------------------------------------
     0 | D:1      | wormed the Gnoll Wanderer began the quest for the Orb.
     0 | D:1      | wormed set off with the following items: a +0 dagger, 9
                  | poisoned darts, a potion of heal wounds, a +0 robe; and the
                  | following spells available to memorise: Beastly Appendage,
                  | Foxfire, Ignite Poison, Spider Form, Flame Wave.
     0 | D:1      | Reached XP level 1. HP: 13/13 MP: 4/4
     2 | D:1      | Learned a level 1 spell: Foxfire
    20 | D:1      | Found a faded altar of an unknown god.
   111 | D:1      | Prayed at the altar of an unknown god.
   111 | D:1      | Became a worshipper of Makhleb the Destroyer
   111 | D:1      | Reached * piety under Makhleb
   450 | D:1      | Got the Verses on Incineration and Geometries
   591 | D:1      | Reached XP level 2. HP: 8/19 MP: 3/5
  1454 | D:2      | Found Atedanargh's Assorted Antiques.
  1457 | D:2      | Reached XP level 3. HP: 25/25 MP: 5/7
  1663 | D:2      | Reached skill level 1 in Invocations
  1731 | D:2      | Noticed Jessica
  1734 | D:2      | Killed Jessica
  1735 | D:2      | Reached skill level 1 in Fighting
  1735 | D:2      | Reached skill level 1 in Short Blades
  1735 | D:2      | Reached skill level 1 in Long Blades
  1735 | D:2      | Reached skill level 1 in Axes
  1735 | D:2      | Reached skill level 1 in Maces & Flails
  1735 | D:2      | Reached skill level 1 in Polearms
  1735 | D:2      | Reached skill level 1 in Staves
  1735 | D:2      | Reached skill level 1 in Ranged Weapons
  1735 | D:2      | Reached skill level 1 in Dodging
  1735 | D:2      | Reached skill level 1 in Stealth
  1735 | D:2      | Reached skill level 1 in Shields
  1735 | D:2      | Reached skill level 1 in Unarmed Combat
  1735 | D:2      | Reached XP level 4. HP: 32/32 MP: 4/8
  2300 | D:2      | Reached skill level 1 in Conjurations
  2300 | D:2      | Reached skill level 1 in Hexes
  2300 | D:2      | Reached skill level 1 in Summonings
  2300 | D:2      | Reached skill level 1 in Necromancy
  2300 | D:2      | Reached skill level 1 in Translocations
  2300 | D:2      | Reached skill level 1 in Ice Magic
  2300 | D:2      | Reached skill level 1 in Air Magic
  2300 | D:2      | Reached skill level 1 in Earth Magic
  2300 | D:2      | Reached skill level 1 in Poison Magic
  2511 | D:3      | Found Gozag's Platinum Reserve.
  2511 | D:3      | Found an opulent altar of Gozag.
  2610 | D:3      | Reached XP level 5. HP: 10/37 MP: 1/9
  2731 | D:3      | Reached ** piety under Makhleb
  4027 | D:4      | Found a radiant altar of Vehumet.
  4088 | D:4      | Noticed an ice beast
  4094 | D:4      | Killed an ice beast
  4095 | D:4      | Reached XP level 6. HP: 44/44 MP: 0/11
  4189 | D:4      | Found Meraxeer's Distillery.
  4398 | D:4      | Learned a level 2 spell: Scorch
  4714 | D:4      | Found a burning altar of Makhleb.
  4809 | D:2      | Bought a warped quarterstaff for 162 gold pieces
  4809 | D:2      | Identified the +2 quarterstaff of Ziphif {drain, *Noise
                  | Will- rCorr Dex+8} (You bought it in a shop on level 2 of
                  | the Dungeon)
  4883 | D:5      | Entered Level 5 of the Dungeon
  4916 | D:5      | Noticed an ice beast
  4917 | D:5      | Found a large runed translucent door.
  4922 | D:5      | Killed an ice beast
  4923 | D:5      | Reached XP level 7. HP: 51/51 MP: 5/12
  4972 | D:5      | Found a large runed translucent door.
  5152 | D:5      | Found an ancient bone altar of Kikubaaqudgha.
  5168 | D:5      | Found a shimmering blue altar of Sif Muna.
  5619 | D:5      | Reached XP level 8. HP: 58/58 MP: 11/14
  6007 | D:5      | Found a glowing golden altar of the Shining One.
  6010 | D:5      | Found a sparkling altar of Nemelex Xobeh.
  6011 | D:5      | Found a hide-covered altar of Uskayaw.
  6011 | D:5      | Found an iron altar of Okawaru.
  6016 | D:5      | Found a broken altar of Ashenzari.
  6200 | D:5      | Noticed drugrobin's ghost (weakling DgDe)
  6510 | D:6      | Reached *** piety under Makhleb
  6855 | D:6      | Noticed Edmund
  6865 | D:6      | Noticed Pikel
  6866 | D:6      | Killed Edmund
  6885 | D:6      | Killed Pikel
  6886 | D:6      | Reached skill level 5 in Throwing
  6886 | D:6      | Reached skill level 5 in Armour
  6886 | D:6      | Reached skill level 5 in Spellcasting
  6886 | D:6      | Reached skill level 5 in Evocations
  6886 | D:6      | Reached XP level 9. HP: 35/65 MP: 5/16
  6889 | D:6      | Found a glowing drain.
  6945 | Sewer    | Entered a sewer
  8760 | D:6      | Reached **** piety under Makhleb
  8921 | D:7      | Reached skill level 5 in Invocations
  9005 | D:7      | Found a staircase to the Ecumenical Temple.
  9406 | Temple   | Entered the Ecumenical Temple
  9829 | D:7      | Reached skill level 5 in Fighting
  9829 | D:7      | Reached skill level 5 in Short Blades
  9829 | D:7      | Reached skill level 5 in Long Blades
  9829 | D:7      | Reached skill level 5 in Axes
  9829 | D:7      | Reached skill level 5 in Maces & Flails
  9829 | D:7      | Reached skill level 5 in Polearms
  9829 | D:7      | Reached skill level 5 in Staves
  9829 | D:7      | Reached skill level 5 in Ranged Weapons
  9829 | D:7      | Reached skill level 5 in Dodging
  9829 | D:7      | Reached skill level 5 in Stealth
  9829 | D:7      | Reached skill level 5 in Shields
  9829 | D:7      | Reached skill level 5 in Unarmed Combat
  9829 | D:7      | Reached XP level 10. HP: 74/74 MP: 2/18
  9978 | D:7      | Found a blossoming altar of Fedhas.
 11711 | D:8      | Noticed a two-headed ogre
 11717 | D:8      | Killed a two-headed ogre
 11887 | D:8      | Found a shimmering altar of Xom.
 12240 | D:9      | Noticed a centaur warrior
 12245 | D:9      | Killed a centaur warrior
 13138 | D:9      | Reached ***** piety under Makhleb
 13198 | D:9      | Found a bloodstained altar of Trog.
 13251 | D:9      | Reached skill level 5 in Conjurations
 13251 | D:9      | Reached skill level 5 in Hexes
 13251 | D:9      | Reached skill level 5 in Summonings
 13251 | D:9      | Reached skill level 5 in Necromancy
 13251 | D:9      | Reached skill level 5 in Translocations
 13251 | D:9      | Reached skill level 5 in Ice Magic
 13251 | D:9      | Reached skill level 5 in Air Magic
 13251 | D:9      | Reached skill level 5 in Earth Magic
 13251 | D:9      | Reached skill level 5 in Poison Magic
 13252 | D:9      | Reached XP level 11. HP: 81/81 MP: 14/21
 13556 | D:10     | Entered Level 10 of the Dungeon
 13571 | D:10     | Found a snail-covered altar of Cheibriados.
 13725 | D:10     | Noticed a cacodemon
 13725 | D:10     | Killed from afar by an acid dragon

Illustrated notes

Levels and vault maps discovered:
D:1:      dpeg_arrival_radiant, layout_basic,
          ebering_ecumenical_altar_petrified, serial_co_window_serial,
          co_window_paths_b, co_window_of_opportunity_a, co_window_paths_b,
          co_window_of_opportunity_a, co_window_paths_a, co_window_paths_a,
          co_window_of_opportunity_c, co_window_2corner, co_window_2corner,
          co_window_paths_c, co_window_of_opportunity_b, glass_columns_b,
          glass_columns_b, glass_columns_a, glass_columns_b, minivault_4
D:2:      layout_basic, serial_shops, shop, uniq_jessica
D:3:      layout_loops_corners, nicolae_gozag_zags_fifth_avenue
D:4:      layout_basic, grunt_temple_overflow_lords_of_destruction,
          serial_shops, nicolae_lakefront_shop, amcnicky_mini_pool_small
D:5:      layout_basic, mainiacjoe_overflow_tiny_flanked,
          kiku_gazebo_garden_becter, minitemple, ebering_ghost_disaster_area
D:6:      layout_loops_ring, portal_sewer_entry_a, minivault_25,
          kennysheep_small_spiral, grunt_decor_one_mirror, uniq_edmund,
          uniq_pikel
D:7:      layout_layer_cave, lemuel_round_altar,
          minmay_temple_entry_statues_pillars
D:8:      layout_loops_cross, tgw_xom
D:9:      nicolae_whirlpool, layout_rooms, lemuel_doored_altar
D:10:     layout_rooms, mainiacjoe_overflow_alcove_2, david_lair_shrubbed,
          enter_bailey_5
Temple:   nicolae_temple_ecumenical_triangle

Skill      XL: |  1  2  3  4  5  6  7  8  9 10 |
---------------+-------------------------------+-----
Invocations    | 1 2 3 4 5 6 |  6.6
Fighting       | 1 2 3 4 5 6 |  6.1
Short Blades   | 1 2 3 4 5 6 |  6.1
Long Blades    | 1 2 3 4 5 6 |  6.1
Axes           | 1 2 3 4 5 6 |  6.1
Maces & Flails | 1 2 3 4 5 6 |  6.1
Polearms       | 1 2 3 4 5 6 |  6.1
Staves         | 1 2 3 4 5 6 |  6.1
Ranged Weapons | 1 2 3 4 5 6 |  6.1
Dodging        | 1 2 3 4 5 6 |  6.1
Stealth        | 1 2 3 4 5 6 |  6.1
Shields        | 1 2 3 4 5 6 |  6.1
Unarmed Combat | 1 2 3 4 5 6 |  6.1
Spellcasting   | 3 4 5 6 |  6.7
Conjurations   | 1 2 3 4 5 |  5.0
Hexes          | 1 2 3 4 5 |  5.0
Summonings     | 1 2 3 4 5 |  5.0
Necromancy     | 1 2 3 4 5 |  5.0
Translocations | 1 2 3 4 5 |  5.0
Ice Magic      | 1 2 3 4 5 |  5.0
Air Magic      | 1 2 3 4 5 |  5.0
Earth Magic    | 1 2 3 4 5 |  5.0
Poison Magic   | 1 2 3 4 5 |  5.0
Throwing       | 3 4 5 6 |  6.6
Armour         | 3 4 5 6 |  6.6
Evocations     | 3 4 5 6 |  6.6
Transmutations | 6 7 |  7.5
Fire Magic     | 6 7 |  7.5

Action                   |  1- 3 |  4- 6 |  7- 9 | 10-12 || total
-------------------------+-------+-------+-------+-------++-------
Melee: Dagger            |    34 |    87 |       |       ||   121
       Bite              |     2 |     5 |     9 |     3 ||    19
       Quarterstaff      |       |     5 |    98 |    18 ||   121
       Long sword        |       |       |       |    19 ||    19
       Punch             |       |       |       |     1 ||     1
Throw: Dart              |       |     9 |       |       ||     9
 Cast: Foxfire           |    44 |   103 |    29 |    44 ||   220
       Scorch            |       |    13 |   126 |   112 ||   251
Invok: Lesser Servant of |       |       |     1 |       ||     1
       Major Destruction |       |       |       |     1 ||     1
       Greater Servant o |       |       |       |     1 ||     1
  Use: Scroll            |     1 |       |    13 |     2 ||    16
       Potion            |       |     1 |     1 |       ||     2
 Stab: Sleeping          |     1 |       |     1 |       ||     2
Armor: Robe              |    11 |    16 |    16 |    21 ||    64
Dodge: Dodged            |    21 |    60 |    86 |    99 ||   266

Table legend: (Time is in decaauts)
 A = Elapsed time spent in this place.
 B = Non-inter-level travel time spent in this place.
 C = Inter-level travel time spent in this place.
 D = Time resting spent in this place.
 E = Time spent auto-exploring this place.
 F = Levels seen in this place.
 G = Mean time per level.
                   A        B        C        D        E       F      G
               +--------+--------+--------+--------+--------+-----+--------+
         Total |  13766 |  13236 |    530 |    628 |  10737 |  12 | 1147.2 |
       Dungeon |  12318 |  11788 |    530 |      0 |  10150 |  10 | 1231.8 |
        Temple |    126 |    126 |      0 |      0 |    113 |   1 |  126.0 |
         Sewer |   1322 |   1322 |      0 |    628 |    473 |   1 | 1322.0 |
               +--------+--------+--------+--------+--------+-----+--------+

Top non-repeatable levels by time:
     D:7: 2180 daAuts
     D:3: 1421 daAuts
     D:5: 1358 daAuts
     D:2: 1345 daAuts
   Sewer: 1322 daAuts
     D:8: 1299 daAuts
     D:1: 1262 daAuts
     D:6: 1145 daAuts
     D:9: 1108 daAuts
     D:4: 1027 daAuts
    D:10: 168 daAuts
  Temple: 126 daAuts
